 Dungeon Crawl Stone Soup version 0.19-a0-594-g235f30c (webtiles) character file.

11226 shmeve the Fighter (level 11, -2/89 HPs)
             Began as a Vampire Berserker on June 10, 2016.
             Was a High Priest of Trog.
             Slain by a yak (8 damage)
             ... on level 11 of the Dungeon.
             The game lasted 00:25:20 (8585 turns).

shmeve the Fighter (Vampire Berserker)              Turns: 8585, Time: 00:25:23

Health: -2/89      AC: 23    Str: 19    XL:     11   Next: 46%
Magic:  11/11      EV:  8    Int: 10    God:    Trog [*****.]
Gold:   562        SH: 11    Dex: 14    Spells: 0 memorised, 10 levels left

rFire  + . .     SeeInvis +     t - +0 war axe
rCold  . . .     Gourm    .     h - +0 plate armour
rNeg   . . .     Faith    .     y - +0 shield
rPois  .         Spirit   .     D - +2 hat
rElec  .         Dismiss  .     (no cloak)
rCorr  .         Reflect  .     K - +2 pair of gloves "Pynalef" {rF+}
SustAt .         Harm     .     v - +0 pair of boots
MR     +++..                    (no amulet)
Stlth  ..........               (no ring)
                                s - +4 ring of protection

@: exhausted, regenerating, slowed, very slow, extremely resistant to hostile
enchantments, extremely unstealthy
A: fangs 3, see invisible, unbreathing
a: Berserk, Trog's Hand, Brothers in Arms, Burn Spellbooks, Renounce Religion


You were on level 11 of the Dungeon.
You worshipped Trog.
Trog was extremely pleased with you.
You were very full.

You visited 1 branch of the dungeon, and saw 11 of its levels.
You also visited: Ossuary.

You collected 617 gold pieces.
You spent 55 gold pieces at shops.

Inventory:

Hand Weapons
 t - a +0 war axe (weapon)
Armour
 h - a +0 plate armour (worn)
 v - a +0 pair of boots (worn)
 y - a +0 shield (worn)
 D - a +2 hat (worn)
 K - the +2 pair of gloves "Pynalef" (worn) {rF+}
   (You found it on level 8 of the Dungeon)

   It protects you from fire.
Jewellery
 s - a +4 ring of protection (left hand)
Wands
 C - a wand of iceblast (5/15)
 F - a wand of disintegration (14/24)
 M - a wand of slowing (24/48)
Scrolls
 a - 4 scrolls of random uselessness {unknown}
 b - 8 scrolls of identify
 d - 8 scrolls of remove curse
 e - 4 scrolls of blinking {unknown}
 f - 3 scrolls of enchant armour {unknown}
 j - 3 scrolls of enchant weapon {unknown}
 m - 2 scrolls of teleportation {unknown}
 n - 4 scrolls of fear {unknown}
 q - 2 scrolls of magic mapping {unknown}
 r - 2 scrolls of immolation {unknown}
 B - a scroll of torment {unknown}
 H - 2 scrolls of recharging {unknown}
 I - 3 scrolls of fog {unknown}
 L - a scroll of amnesia {unknown}
Potions
 c - 39 potions of blood
 g - 3 potions of might {unknown}
 i - 5 potions of flight {unknown}
 k - 4 potions of haste {unknown}
 o - a potion of cancellation {unknown}
 p - a potion of degeneration {unknown}
 u - a potion of invisibility {unknown}
 w - 2 potions of berserk rage {unknown}
 x - 3 potions of lignification {unknown}
 z - 6 potions of heal wounds {unknown}
 A - 3 potions of curing {unknown}
 E - a potion of agility {unknown}
 G - 2 potions of resistance {unknown}
 J - 2 potions of beneficial mutation {unknown}


   Skills:
 - Level 9.0 Fighting
 - Level 9.0 Axes
 - Level 5.6 Armour
 - Level 7.5 Dodging
 + Level 8.2 Shields


You had 10 spell levels left.
You didn't know any spells.

Dungeon Overview and Level Annotations

Branches:
Dungeon (11/15)            Temple (0/1) D:6            Lair (0/6) D:9
    Orc: D:9-12

Altars:
Elyvilon
Kikubaaqudgha
Nemelex Xobeh
Trog
Xom
Yredelemnul

Shops:
D:4 (!?(   D:9 =   D:10 *}*


Innate Abilities, Weirdness & Mutations

Your natural rate of healing is unusually fast.
You have razor-sharp teeth.
You have supernaturally acute eyesight. (SInv)
You can survive without breathing.


Message History

The yak gores you but does no damage.
Your ogre goes berserk!
You feel somewhat less full. The yak gores you but does no damage.
The yak barely misses you. The yak gores you.
* * * LOW HITPOINT WARNING * * *
The yak gores you but does no damage.
Your skin crawls.
You feel resistant to hostile enchantments.
You feel quite a bit less full. You block the yak's attack.
Your ogre hits the yak with a giant club!!
The yak dies!
Trog accepts your kill. The yak gores you.
* * * LOW HITPOINT WARNING * * *
The yak gores you.
* * * LOW HITPOINT WARNING * * *
The yak gores you but does no damage. The yak gores you.
* * * LOW HITPOINT WARNING * * *
The yak gores you!
You die...

............)..#....#
.......(.......#....#
......(........#....#
####..##..##...#....#
#.(##..##...#....#
#.......#...'....#
#.......#...#....#
#.......#...#....#
#.......#...#@YO.#
######+##+###YY..#
.....# ......+
.......# .........
+####...... #...?...


You could see 3 yaks and a friendly ogre (berserk).

Vanquished Creatures
  Erolcha (D:9)
  The ghost of ImbarsBidbib the Carver, a novice DrCj of Uskayaw (D:8)
  4 hill giants
  Pikel (D:6)
  A cyclops (D:11)
  A gargoyle (D:9)
  The ghost of PoisonMushroom the Slasher, a novice FoFi (Ossuary)
  A merfolk (D:9)
  A troll (D:9)
  Grinder (D:5)
  Eustachio (D:6)
  8 yaks
  A hungry ghost (D:7)
  Edmund (D:6)
  2 orc warriors
  2 black bears
  3 sky beasts
  3 slaves (D:6)
  3 ogres
  A necrophage (D:7)
  2 centaurs
  A crocodile (D:9)
  A big kobold (D:8)
  An elf zombie (Ossuary)
  2 gnoll sergeants (D:10)
  5 scorpions
  7 wights (D:7)
  2 howler monkeys
  6 crimson imps (D:10)
  A quasit (D:7)
  A giant frog zombie (D:9)
  4 centaur zombies
  5 hounds
  2 gnoll shamans
  5 orc priests
  A human zombie (Ossuary)
  5 jellies
  3 giant frog skeletons
  Jessica (D:3)
  7 orc wizards
  6 worker ants
  Natasha (thrice) (D:3)
  A killer bee zombie (D:7)
  A big kobold zombie (Ossuary)
  2 hound zombies
  A hound skeleton (D:8)
  4 mummies
  A worker ant zombie (D:7)
  2 howler monkey zombies
  20 gnolls
  A howler monkey skeleton (D:4)
  6 adders
  A shadow imp (D:5)
  An adder zombie (D:6)
  2 worms (D:2)
  5 dart slugs
  3 giant geckos (D:1)
  23 orcs
  4 giant cockroaches
  8 goblins
  6 hobgoblins
  4 jackals
  15 kobolds
  4 quokkas
  11 bats
  3 giant newts
  2 goblin zombies (Ossuary)
  11 hobgoblin zombies (Ossuary)
  A jackal zombie (Ossuary)
  12 kobold zombies (Ossuary)
  6 orc zombies (Ossuary)
  A quokka zombie (D:7)
  8 rats
  A rat zombie (Ossuary)
  A fungus (D:6)
281 creatures vanquished.

Vanquished Creatures (collateral kills)
  A yak (D:11)
1 creature vanquished.

Vanquished Creatures (others)
  An orc warrior (D:8)
  2 plants (D:9)
3 creatures vanquished.

Grand Total: 285 creatures vanquished

Notes
Turn   | Place    | Note
--------------------------------------------------------------
     0 | D:1      | shmeve the Vampire Berserker began the quest for the Orb.
     0 | D:1      | Reached XP level 1. HP: 17/17 MP: 1/1
   299 | D:1      | Reached XP level 2. HP: 9/23 MP: 2/2
   673 | D:2      | Reached XP level 3. HP: 29/29 MP: 3/3
   706 | D:2      | Reached ** piety under Trog
  1423 | D:3      | Noticed Jessica
  1443 | D:3      | Killed Jessica
  1443 | D:3      | Reached XP level 4. HP: 15/35 MP: 4/4
  1631 | D:3      | Found a faded altar of an unknown god.
  1635 | D:3      | Noticed Natasha
  1656 | D:3      | Killed Natasha
  1846 | D:3      | Found a bloodstained altar of Trog.
  1862 | D:3      | Reached XP level 5. HP: 38/41 MP: 5/5
  1874 | D:3      | Reached *** piety under Trog
  2005 | D:3      | Noticed Natasha
  2015 | D:3      | Killed Natasha
  2018 | D:3      | Noticed Natasha
  2028 | D:3      | Killed Natasha
  2099 | D:4      | Found Ugeinteh's Weapon Boutique.
  2171 | D:4      | Noticed an ogre
  2177 | D:4      | Killed an ogre
  2177 | D:4      | Reached XP level 6. HP: 42/48 MP: 6/6
  2294 | D:4      | Found Igunerr's Magic Scroll Emporium.
  2316 | D:4      | Bought a scroll of identify for 22 gold pieces
  2316 | D:4      | Bought a scroll of remove curse for 33 gold pieces
  2381 | D:4      | Found Xuddair's Weapon Shop.
  2390 | D:4      | Found Xysidd's Distillery.
  2528 | D:4      | Found a sparkling altar of Nemelex Xobeh.
  2685 | D:5      | Entered Level 5 of the Dungeon
  2720 | D:5      | Noticed a sky beast
  2724 | D:5      | Reached XP level 7. HP: 39/55 MP: 7/7
  2861 | D:5      | Found a white marble altar of Elyvilon.
  2913 | D:5      | Found a sand-covered staircase.
  3012 | D:5      | Reached skill level 5 in Axes
  3171 | D:5      | Noticed Grinder
  3183 | D:5      | Killed Grinder
  3183 | D:5      | Reached skill level 5 in Fighting
  3192 | Ossuary  | Entered an ossuary
  3235 | Ossuary  | Noticed PoisonMushroom's ghost (novice FoFi)
  3249 | Ossuary  | Killed PoisonMushroom's ghost
  3249 | Ossuary  | Reached XP level 8. HP: 64/64 MP: 8/8
  3342 | Ossuary  | Reached skill level 5 in Dodging
  3789 | D:6      | Noticed Eustachio
  3818 | D:6      | Killed Eustachio
  3852 | D:6      | Found a staircase to the Ecumenical Temple.
  3857 | D:6      | Noticed Edmund
  3873 | D:6      | Killed Edmund
  3988 | D:6      | Noticed Pikel
  4007 | D:6      | Killed Pikel
  4007 | D:6      | Reached XP level 9. HP: 71/71 MP: 9/9
  5072 | D:7      | Found a basalt altar of Yredelemnul.
  5816 | D:8      | Reached **** piety under Trog
  5931 | D:8      | Found a sparkling altar of Nemelex Xobeh.
  5932 | D:8      | Found an ancient bone altar of Kikubaaqudgha.
  5935 | D:8      | Found a shimmering altar of Xom.
  6128 | D:8      | Noticed ImbarsBidbib's ghost (novice DrCj)
  6141 | D:8      | Killed ImbarsBidbib's ghost
  6141 | D:8      | Reached skill level 5 in Armour
  6177 | D:8      | Got a pair of twisted gloves
  6188 | D:8      | Identified the +2 pair of gloves "Pynalef" {rF+} (You found it on level 8 of the Dungeon)
  6202 | D:8      | Reached XP level 10. HP: 75/80 MP: 10/10
  6878 | D:9      | Noticed Erolcha
  6887 | D:9      | Killed Erolcha
  6917 | D:9      | Noticed a gargoyle
  6932 | D:9      | Killed a gargoyle
  7105 | D:9      | Found Boral's Jewellery Shoppe.
  7117 | D:9      | Reached ***** piety under Trog
  7429 | D:9      | Reached skill level 1 in Shields
  7547 | D:9      | Found a staircase to the Lair.
  7601 | D:10     | Entered Level 10 of the Dungeon
  7855 | D:10     | Reached skill level 5 in Shields
  7855 | D:10     | Reached XP level 11. HP: 76/89 MP: 11/11
  8011 | D:10     | Noticed a hill giant
  8017 | D:10     | Killed a hill giant
  8057 | D:10     | Found Vuplelae's Gadget Emporium.
  8070 | D:10     | Found Nusoham's Assorted Antiques.
  8185 | D:10     | Found Beil's General Store.
  8189 | D:10     | Noticed a hill giant
  8197 | D:10     | Killed a hill giant
  8216 | D:10     | Noticed a hill giant
  8223 | D:10     | Killed a hill giant
  8546 | D:11     | Noticed a hill giant
  8557 | D:11     | Killed a hill giant
  8585 | D:11     | Slain by a yak

Vault maps used:
D:1:      minmay_arrival_widening_spiral_wide, serial_bayou_ford_a
D:3:      ecumenical_altar_2, minivault_14, trog_hazing_becter, uniq_jessica,
          uniq_natasha
D:4:      serial_shops, shop, kennysheep_mini_moat, shop, shop,
          nemelex_diamond_rough_becter
D:5:      kennysheep_little_box, first_bread,
          nicolae_ossuary_entry_false_entrances, uniq_grinder
D:6:      old_forge, uniq_eustachio, uniq_edmund, uniq_pikel
D:7:      serial_undead, serial_undead_c, serial_undead_e, serial_undead_a,
          serial_undead_c, serial_undead_f, serial_undead_c, serial_undead_b,
          serial_undead_e, basic_altar
D:8:      grunt_temple_overflow_open
D:9:      david_lair_shrubbed, serial_shops, shop_fountains,
          hangedman_fish_farm, uniq_erolcha
D:10:     serial_shops, nicolae_shop_statue_plus, serial_gnoll_camp,
          gnoll_camp_mini_shop, gnoll_camp_medium_01, gnoll_camp_mini_house,
          gnoll_camp_mini_shop
D:11:     portal_ice_cave_entry_pillars_1, serial_shops, shop, shop,
          david_defended_altar_orc
Ossuary:  ossuary_tomb_1

Skill      XL: |  1  2  3  4  5  6  7  8  9 10 11 |
---------------+----------------------------------+-----
Axes           | 3 4 5 6 8 9 |  9.0
Fighting       | 3 4 5 6 8 9 |  9.0
Armour         | 2 3 4 5 |  5.6
Dodging        | 3 4 5 6 7 |  7.5
Shields        | 5 8 |  8.2

Action                   |  1- 3 |  4- 6 |  7- 9 | 10-12 || total
-------------------------+-------+-------+-------+-------++-------
Melee: Hand axe          |   166 |    75 |       |       ||   241
       Bite              |     4 |    15 |    58 |    49 ||   126
       War axe           |       |    74 |   280 |    33 ||   387
       Battleaxe         |       |       |   149 |   253 ||   402
Invok: Berserk           |     1 |       |     4 |     6 ||    11
       Trog's Hand       |       |       |     1 |     1 ||     2
       Burn Spellbooks   |       |       |     1 |       ||     1
       Brothers in Arms  |       |       |       |     1 ||     1
  Use: Potion            |     5 |    10 |    24 |    21 ||    60
       Scroll            |       |     1 |       |     1 ||     2
 Stab: Distracted        |       |       |     1 |       ||     1
  Eat: Corpse            |     7 |       |       |       ||     7
Armor: Animal skin       |    11 |       |       |       ||    11
       Plate armour      |   108 |   114 |   380 |   234 ||   836
Dodge: Dodged            |    96 |    60 |   217 |   168 ||   541
Block: Shield            |       |       |       |    29 ||    29
